 Dungeon Crawl Stone Soup version 0.18-a0-1225-g5d63bca (webtiles) character file.

16 Duffy the Sneak (level 2, -3/13 HPs)
             Began as a Vine Stalker Enchanter on Feb 3, 2016.
             Slain by a gnoll
             ... wielding a +0 spear
              (8 damage)
             ... on level 1 of the Dungeon.
             The game lasted 00:00:43 (533 turns).

Duffy the Sneak (Vine Stalker Enchanter)             Turns: 533, Time: 00:00:43

Health: -3/13      AC:  3    Str: 10    XL:     2   Next: 54%
Magic:  0/6        EV: 12    Int: 15    God:
Gold:   84         SH:  0    Dex: 14    Spells: 2 memorised, 2 levels left

rFire  . . .     SeeInvis .     a - +1 dagger
rCold  . . .     Gourm    .     b - +1 robe
rNeg   . . .     Faith    +     (no shield)
rPois  .         Spirit   +     (no helmet)
rElec  .         Dismiss  .     (no cloak)
rCorr  .         Reflect  .     (no gloves)
SustAt .         Harm     .     (no boots)
MR     .....                    j - amulet of faith
Stlth  +++.......               (no ring)
                                (no ring)

@: very slightly contaminated, not resistant to hostile enchantments, fairly
stealthy
A: fangs 2, regeneration 1, magic shield, antimagic bite, no device heal 3, rot
immunity
a: no special abilities


You were on level 1 of the Dungeon.
You were not hungry.

You visited 1 branch of the dungeon, and saw 1 of its levels.

You collected 84 gold pieces.


Innate Abilities, Weirdness & Mutations

You have extremely sharp teeth.
Your natural rate of healing is unusually fast.
When hurt, damage is shared between your health and your magic reserves.
Your bite disrupts and absorbs the magic of your enemies.
Potions and wands cannot restore your health.
You are immune to rotting.


   Skills:
 + Level 1.1 Short Blades
 - Level 1.5 Dodging
 + Level 4.1 Stealth
 - Level 2.1 Spellcasting
 * Level 3.4 Hexes


You had 2 spell levels left.
You knew the following spells:

 Your Spells              Type           Power        Failure   Level  Hunger
a - Ensorcelled Hibernat  Hex/Ice        #.....       17%         2    ###....
r - Corona                Hex            ##.....      8%          1    #......

Inventory:

Hand Weapons
 a - a +1 dagger (weapon)
Armour
 b - a +1 robe (worn)
Jewellery
 j - an amulet of faith (around neck)
Scrolls
 e - a scroll of remove curse {unknown}
 g - a scroll of teleportation {unknown}
 i - a scroll of identify {unknown}
Potions
 f - a potion of lignification {unknown}
 h - a potion of curing {unknown}
Books
 c - a book of Maledictions
Comestibles
 d - a bread ration

Dungeon Overview and Level Annotations

Branches:
Dungeon (1/15)

Altars:


Message History

Created macro '1' => 'za.'. (m)acro, (M)acro raw, keymap [(k) default, (x) level-map, (t)argeting, (c)onfirm, m(e)nu], (s)ave?
Saving macros.
There is an open door here.
Cast which spell? (? or * to list)
Aiming: Ensorcelled Hibernation
Press: ? - help, Shift-Dir - straight line, f - gnoll
Aim: a gnoll, wielding a spear (hasn't noticed you, chance to defeat MR: 47%)
The gnoll shouts!
The gnoll resists with some effort.
You start resting.
There is an open door here.
Cast which spell? (? or * to list)
Aiming: Ensorcelled Hibernation
Press: ? - help, Shift-Dir - straight line, f/p - gnoll
Aim: a gnoll, wielding a spear (chance to defeat MR: 47%)
The gnoll resists with some effort.
Cast which spell? (? or * to list)
Aiming: Ensorcelled Hibernation
Press: ? - help, Shift-Dir - straight line, f/p - gnoll
Aim: a gnoll, wielding a spear (chance to defeat MR: 47%)
The gnoll resists with some effort.
The gnoll hits you from afar with a spear.
There is an open door here.
Cast which spell? (? or * to list)
Aiming: Ensorcelled Hibernation
Press: ? - help, Shift-Dir - straight line, f/p - gnoll
Aim: a gnoll, wielding a spear (chance to defeat MR: 47%)
You miscast Ensorcelled Hibernation.
You are very lightly contaminated with residual magic.
Your hands feel numb with cold.
The gnoll hits you from afar with a spear.
The gnoll hits you from afar with a spear!
Ouch! That really hurt!
You die...

# #.# ##'## #.# ..#
#.# #.# #.# #.# #..
#.# ##.## ### ##(##
##...## ##...##
#.....# ##.###.##
##.g.## #.##
##.#####.## #.#
#....##@###.# #.##
##.##........#
##.###.######.###.###
###...### ##(###....
#.......# #.........
#.#####.# #..######.
#.# #.# #..#
#.#####.####..####
#.#..............#


You could see a gnoll.

Action                   || total
-------------------------++-------
Melee: Dagger            ||    27
 Cast: Ensorcelled Hiber ||     3
 Stab: Sleeping          ||     6

Notes
Turn   | Place    | Note
--------------------------------------------------------------
     0 | D:1      | Duffy the Vine Stalker Enchanter began the quest for the Orb.
     0 | D:1      | Reached XP level 1. HP: 9/9 MP: 4/4
   116 | D:1      | Reached skill level 4 in Stealth
   143 | D:1      | Reached skill level 1 in Short Blades
   157 | D:1      | Reached XP level 2. HP: 13/13 MP: 6/6
   506 | D:1      | Learned a level 2 spell: Ensorcelled Hibernation
   533 | D:1      | Slain by a gnoll

Vault maps used:
D:1:      dpeg_arrival_connections

Vanquished Creatures
  An ooze
  2 giant geckos
  4 bats
  2 giant newts
  A kobold
  2 rats
12 creatures vanquished.
